[Event "Bangabandhu Premier Div League 2023-24"]
[Site "Dhaka"]
[Date "2024.02.10"]
[Round "10.8"]
[White "Harikrishnan.A.Ra"]
[Black "Abdullah Al, Raison"]
[Result "1-0"]
[ECO "D02"]
[WhiteElo "2454"]
[BlackElo "1839"]
[Annotator "TA"]
[PlyCount "99"]
[EventDate "2024.02.01"]
[EventCountry "BAN"]
[SourceTitle "playchess.com"]
[Source "ChessBase"]
[SourceQuality "1"]
[TimeControl "40/5400+30:1800+30"]

1. d4 Nf6 2. Nf3 d5 3. c3 c6 4. Qc2 g6 5. Bf4 Bf5 6. Qb3 Qb6 7. Nbd2 Nbd7 8. h3 {[%emt 0:00:12] The position is equal.} h5 9. e3 Bg7 10. Be2 O-O 11. c4 (11. Nh4 $14) 11... dxc4 12. Bxc4 Ne4 13. Qxb6 Nxb6 14. Bb3 c5 15. Be5 Nxd2 16. Kxd2 c4 ({Black should try} 16... Rfd8 $15 17. Bxg7 Kxg7) 17. Bxg7 $11 Kxg7 18. Bc2 Bxc2 19. Kxc2 Rac8 20. e4 e6 21. Rad1 Rfd8 22. g4 hxg4 23. hxg4 Rh8 24. g5 Rxh1 25. Rxh1 {[%emt 0:00:05][%mdl 4096] Endgame. KRN-KRN} Nd7 26. a4 f6 $2 {[%emt 0:02:49] [#] A mistake that costs the game.} (26... a5 $11 {and Black has nothing to worry.}) 27. gxf6+ $18 Nxf6 (27... Kxf6 $142 28. Rh7 Rd8 29. e5+ Kf5 30. Rf7+ Kg4) 28. Ng5 Rc6 29. e5 Nh5 30. Rh3 b6 (30... Ra6 $142 31. Kc3 Kh6 32. Nf7+ Kg7) 31. Rf3 a6 32. Kc3 Kh6 $2 {[%emt 0:09:54] [#]} (32... Kg8 33. Rf7 Kh8) 33. Nf7+ Kh7 34. Nd8 Rc7 35. Nxe6 Re7 36. d5 Ng7 37. d6 Rxe6 {[%emt 0:01:07] KRN-KR} 38. d7 {[%emt 0:00:06] White mates.} ({Inferior is} 38. Kxc4 Rxe5 39. Kd4 Re2 $17) 38... Re8 39. dxe8=Q Nxe8 {[%emt 0:00:05] KR-KN} 40. e6 Nd6 41. e7 Kg7 42. Kd4 b5 43. Kd5 Ne8 44. axb5 axb5 45. Rf8 Nc7+ 46. Kd6 b4 47. Kxc7 c3 48. e8=Q cxb2 49. Qe7+ Kh6 50. Rh8# {[%emt 0:00:00] Weighted Error Value: White=0.06 (flawless) /Black=0.42.  Mistake:       	White=1     	Black=5      Inaccurate:     	White=1     	---        OK:         	White=9     	Black=12     Best:        	White=3     	---} 1-0

[Event "Bangabandhu Premier Div League 2023-24"]
[Site "Dhaka"]
[Date "2024.02.10"]
[Round "10.8"]
[White "Nayem, Haque"]
[Black "Avik, Sarker"]
[Result "1-0"]
[ECO "C43"]
[WhiteElo "2092"]
[BlackElo "1914"]
[Annotator "NA RC"]
[PlyCount "115"]
[EventDate "2024.02.01"]
[EventCountry "BAN"]
[SourceTitle "playchess.com"]
[Source "ChessBase"]
[SourceQuality "1"]
[TimeControl "40/5400+30:1800+30"]

1. e4 e5 2. Nf3 Nf6 3. d4 Nxe4 4. Bd3 d5 5. Nxe5 Bd6 6. O-O O-O 7. c4 Bxe5 8. dxe5 Nc6 9. Bf4 Nb4 10. a3 Nxd3 11. Qxd3 Nc5 12. Qxd5 Qxd5 13. cxd5 Nd3 14. Bg3 Nxb2 15. Nc3 Bf5 16. Nb5 c6 17. Nd6 Bd3 18. dxc6 bxc6 19. Rfc1 Bb5 20. Rab1 Na4 21. Nxb5 cxb5 22. Rxb5 Rfc8 23. Rxc8+ Rxc8 24. h3 Nc3 25. Ra5 Ne2+ 26. Kh2 Nxg3 27. Kxg3 Rc7 28. f4 Kf8 29. Ra6 Ke7 30. Kg4 Rd7 31. Kf5 Rb7 32. h4 Rd7 33. h5 Rb7 34. g4 Rc7 35. h6 g6+ 36. Kg5 Rb7 37. Rc6 Kd7 38. Rc4 Rb6 39. Ra4 a6 40. Rd4+ Ke7 41. Rd6 f6+ 42. Rxf6 Rxf6 43. exf6+ Ke6 44. f5+ gxf5 45. f7 Kxf7 46. Kxf5 a5 47. a4 Ke7 48. Ke5 Kf7 49. Kd5 Kg6 50. Kc5 Kxh6 51. Kb5 Kg5 52. Kxa5 Kxg4 53. Kb6 h5 54. a5 h4 55. a6 h3 56. a7 Kg3 57. a8=Q Kh2 58. Qf3 1-0

[Event "Bangabandhu Premier Div League 2023-24"]
[Site "Dhaka"]
[Date "2024.02.10"]
[Round "10.9"]
[White "Puranik, Abhimanyu"]
[Black "Alam, Monjur"]
[Result "1-0"]
[ECO "C02"]
[WhiteElo "2645"]
[BlackElo "1875"]
[Annotator "TA"]
[PlyCount "73"]
[EventDate "2024.02.01"]
[EventCountry "BAN"]
[SourceTitle "playchess.com"]
[Source "ChessBase"]
[SourceQuality "1"]
[TimeControl "40/5400+30:1800+30"]

1. e4 e6 2. d4 d5 3. e5 c5 4. c3 Nc6 5. Nf3 Nge7 6. Bd3 cxd4 7. cxd4 Nf5 8. Bxf5 exf5 9. Nc3 Be6 10. Ne2 Bb4+ 11. Bd2 Qb6 12. O-O O-O {[%emt 1:04:07] White is slightly better.} 13. h4 Rac8 14. Bxb4 Qxb4 15. b3 h6 16. Nf4 Rc7 17. Qd3 Rfc8 18. a3 Qb6 19. Qe3 Na5 20. b4 $1 Nc4 21. Qe2 a5 22. Rfb1 Qa7 23. a4 b6 (23... axb4 $11 24. Rxb4 b6) 24. h5 (24. b5 $16) 24... Rc6 (24... axb4 $11 25. Rxb4 Qa5) 25. b5 R6c7 26. Nh4 Re7 27. Qd3 Qd7 28. Kh2 Ree8 29. g3 Rc7 30. Ra2 {[%emt 0:00:00] White is more active.} Kf8 {[%emt 0:00:00] [#]} (30... Rec8 $16 {keeps fighting.} 31. Re1 Rb7) 31. g4 $1 $18 fxg4 32. Qh7 {[%emt 0:00:00] aiming for Nxe6+.} Rcc8 $2 (32... Qd8 33. Qh8+ Ke7 34. Qxg7 Kd7) 33. Nxe6+ fxe6 34. Ng6+ Kf7 35. Rg1 Rf8 36. Rxg4 Ke8 37. Rf4 {[%emt 0:00:00] Weighted Error Value: White=0.11 (very precise) /Black=0.49.  Mistake:       	White=1     	Black=4      Inaccurate:     	White=1     	Black=2      OK:         	White=8     	Black=5      Best:        	White=1     	Black=1      Strong:       	White=1     	---} (37. Nxf8 $142 Qf7 38. Nxe6 (38. Rxg7 Rc7 $18) (38. Ng6 Kd7 $18) 38... Qxh5+ 39. Kg3 Qxg4+ 40. Kxg4 Kd7 41. Nxg7 Nxe5+ 42. dxe5) 1-0

[Event "Bangabandhu Premier Div League 2023-24"]
[Site "Dhaka"]
[Date "2024.02.10"]
[Round "10.10"]
[White "Alekhya Mukhopadhyay"]
[Black "Ter-Sahakyan, Samvel"]
[Result "0-1"]
[ECO "C88"]
[WhiteElo "2184"]
[BlackElo "2649"]
[Annotator "TA"]
[PlyCount "90"]
[EventDate "2024.02.01"]
[EventCountry "BAN"]
[SourceTitle "playchess.com"]
[Source "ChessBase"]
[SourceQuality "1"]
[TimeControl "40/5400+30:1800+30"]

1. e4 e5 2. Nf3 Nc6 3. Bb5 a6 4. Ba4 Nf6 5. O-O Be7 6. Re1 b5 7. Bb3 O-O 8. a4 Bb7 9. Nc3 b4 10. Nd5 Na5 11. Ba2 Nxd5 12. Bxd5 c6 13. Ba2 d6 {[%emt 0:00:15] The position is equal.} 14. c3 c5 15. d3 (15. cxb4 $1 $14 cxb4 16. d4) 15... Rb8 16. Nd2 Ba8 17. Nc4 b3 18. Nxa5 bxa2 19. Nc4 d5 20. Nd2 f5 21. Rxa2 fxe4 22. dxe4 dxe4 {[%emt 0:00:00][%cal Oe4e3] aiming for ...e3!} (22... Bh4 $5 23. g3 dxe4 $11) 23. Qe2 e3 24. fxe3 Bh4 25. Rf1 {[%emt 0:00:00] Wards off Rf2} Rxf1+ (25... Qd5 {seems wilder.} 26. b3 Rxf1+ 27. Nxf1 Rf8) 26. Nxf1 Qd5 {[%emt 0:00:00] Repels b3. White is weak on the light squares} 27. Ra1 c4 28. Nd2 (28. e4 $15 Qxe4 29. Be3) 28... Rf8 $17 {[%emt 0:04:30] Black is much more active.} 29. Nf3 {[%emt 0:00:00] [#]} Bf2+ 30. Qxf2 {[%emt 0:00:00] [#] Threatens to win with Qe2.} (30. Kxf2 $2 {too greedy.} e4 31. Ke1 (31. Qd2 $2 Qh5 $19) 31... exf3 32. gxf3 Rxf3 $19) 30... e4 $1 $40 {[%emt 0:00:00][%mdl 128] Black goes for the king.} 31. Nd4 {[%emt 0:01:28] This costs White the game.} Rxf2 $19 32. Kxf2 Qh5 33. Bd2 Qxh2 34. a5 $2 (34. b4 {might work better.}) 34... h5 35. Rg1 h4 ({Weaker is} 35... Qh4+ 36. g3 Qg5 37. b4 $19) 36. Ne2 $2 (36. Kf1) 36... g5 (36... Bc6 $142 37. Kf1 Bd7) 37. Be1 (37. Kf1 $142) 37... Bc6 38. Kf1 Bd7 39. Bf2 Qb8 40. g3 h3 {[%emt 0:00:00] Black mates.} 41. g4 Qxb2 42. Be1 Ba4 43. Rh1 Bd1 44. Rh2 Bxe2+ 45. Rxe2 {[%emt 0:00:04] [#]} Qxe2+ $3 {[%emt 0:00:35][%mdl 512] Weighted Error Value: White=0.78/Black=0.24 (precise) .  Loses game:     	White=1     	---        Mistake:       	White=5     	Black=1      Inaccurate:     	White=3     	Black=1      OK:         	White=5     	Black=11     Best:        	White=2     	Black=2      Strong:       	---       	Black=1      Brilliant:      	---       	Black=1} 0-1

[Event "Bangabandhu Premier Div League 2023-24"]
[Site "Dhaka"]
[Date "2024.02.10"]
[Round "10.11"]
[White "Rahman, Ziaur"]
[Black "Ankit Ray"]
[Result "1/2-1/2"]
[ECO "D02"]
[WhiteElo "2428"]
[BlackElo "1912"]
[Annotator "TA"]
[PlyCount "86"]
[EventDate "2024.02.01"]
[EventCountry "BAN"]
[SourceTitle "playchess.com"]
[Source "ChessBase"]
[SourceQuality "1"]
[TimeControl "40/5400+30:1800+30"]

1. Nf3 d5 2. g3 Nf6 3. Bg2 e6 4. O-O Bd6 5. c4 O-O 6. d4 h6 7. b3 b6 8. Bb2 Bb7 {[%emt 0:00:45] White has an edge.} 9. Nc3 Nbd7 10. Nd2 Bb4 11. a3 Be7 12. e4 dxe4 13. Ndxe4 Nxe4 14. Nxe4 Rb8 15. b4 Nf6 16. Nxf6+ Bxf6 17. Bxb7 Rxb7 18. Qf3 Rb8 19. Rfd1 b5 20. Rac1 bxc4 21. Rxc4 a5 22. Bc3 axb4 23. Bxb4 Be7 24. Bxe7 Qxe7 25. Rdc1 Ra8 26. R1c3 Ra7 27. Kg2 Rd8 28. Qf4 Qd6 29. Qf3 Qd5 30. Rxc7 Qxf3+ 31. Kxf3 Rxc7 32. Rxc7 Rxd4 $11 {[%emt 0:00:00][%mdl 4096] Endgame. KR-KR} 33. Ke3 {[%emt 0:00:36] Inhibits Rd3+.} e5 34. Rc8+ Kh7 35. Rc2 Kg6 36. Ra2 {[%emt 0:00:23] And now a4 would win.} Ra4 37. Kd3 Kf5 38. Kc3 Ke4 39. Kb3 Ra8 40. Kc4 Kf3 41. a4 f5 42. a5 {[%emt 0:00:33] Kd5 would now be deadly.} g5 43. Kd5 $2 {[%emt 0:01:14][%mdl 8192] [#]} (43. a6 $11) 43... e4 {[%emt 0:25:52][%mdl 32768] Weighted Error Value: White=0.20 (precise) /Black=0.03 (flawless) .  Loses game:     	White=1     	---        Inaccurate:     	White=1     	Black=1      OK:         	White=17    	Black=19     Best:        	---       	Black=3     . An unexpected result.} 1/2-1/2

[Event "Bangabandhu Premier Div League 2023-24"]
[Site "Dhaka"]
[Date "2024.02.10"]
[Round "10.12"]
[White "Tashriq Saihan, Shan"]
[Black "Sakline Mostafa, Sajid"]
[Result "0-1"]
[ECO "B33"]
[WhiteElo "1772"]
[BlackElo "2110"]
[Annotator "NA RC"]
[PlyCount "160"]
[EventDate "2024.02.01"]
[EventCountry "BAN"]
[SourceTitle "playchess.com"]
[Source "ChessBase"]
[SourceQuality "1"]
[TimeControl "40/5400+30:1800+30"]

1. e4 c5 2. Nf3 e6 3. d4 cxd4 4. Nxd4 Nf6 5. Nc3 Nc6 6. Ndb5 d6 7. Bf4 e5 8. Bg5 a6 9. Na3 b5 10. Nab1 Be7 11. Bxf6 Bxf6 12. a4 b4 13. Nd5 Bg5 14. Bc4 O-O 15. c3 bxc3 16. Nbxc3 Rb8 17. b3 Kh8 18. O-O g6 19. Qd3 a5 20. Rad1 Nd4 21. Nb5 Nxb5 22. Bxb5 Bg4 23. f3 Be6 24. Bc4 Qc8 25. Kh1 Qc5 26. Qe2 Rbe8 27. Qf2 Qxf2 28. Rxf2 Bxd5 29. Rxd5 Be3 30. Re2 Bc5 31. g3 f5 32. Kg2 h5 33. Rd1 Rf6 34. Rf1 Ref8 35. f4 fxe4 36. Rxe4 g5 37. Be2 Rf5 38. Bxh5 gxf4 39. g4 d5 40. gxf5 dxe4 41. Bg6 Kg7 42. Rd1 Be3 43. h4 f3+ 44. Kg3 Bf4+ 45. Kf2 Kf6 46. Rd7 Bc1 47. Rc7 Bb2 48. Ke3 Bd4+ 49. Kxe4 f2 50. Rc1 Rc8 51. Rf1 Rc3 52. Kd5 Be3 53. Be8 Kxf5 54. Bb5 Kg4 55. Kxe5 Kxh4 56. Ke4 Kg3 57. Rb1 Bc5 58. Kd5 Bb4 59. Kd4 Rc7 60. Rf1 Re7 61. Rh1 Re1 62. Rh7 f1=Q 63. Rg7+ Kf2 64. Rf7+ Kg1 65. Bxf1 Rxf1 66. Rg7+ Kf2 67. Rf7+ Ke2 68. Rh7 Rf4+ 69. Kd5 Rf3 70. Rh2+ Kd3 71. Kc6 Kc3 72. Kb5 Rf5+ 73. Kc6 Kxb3 74. Rh3+ Kxa4 75. Rg3 Rc5+ 76. Kb6 Rc3 77. Rg4 Kb3 78. Kb5 Rc5+ 79. Kb6 a4 80. Rg3+ Rc3 0-1

[Event "Bangabandhu Premier Div League 2023-24"]
[Site "Dhaka"]
[Date "2024.02.11"]
[Round "11.1"]
[White "Mohammad Minhaz Uddin"]
[Black "Mohammad Nubairshah Shaikh"]
[Result "0-1"]
[ECO "B48"]
[WhiteElo "2224"]
[BlackElo "2428"]
[Annotator "TA"]
[PlyCount "78"]
[EventDate "2024.02.01"]
[EventCountry "BAN"]
[SourceTitle "playchess.com"]
[Source "ChessBase"]
[SourceQuality "1"]
[TimeControl "40/5400+30:1800+30"]

1. e4 c5 2. Nf3 e6 3. d4 cxd4 4. Nxd4 Nc6 5. Nc3 Qc7 6. Be3 a6 7. a3 b5 8. Nxc6 Qxc6 9. Bd3 Bb7 10. Qe2 Nf6 {[%emt 0:06:47] The position is equal.} 11. f4 (11. O-O {feels stronger.}) 11... b4 $11 12. axb4 Bxb4 13. Bd2 Bxc3 14. Bxc3 Nxe4 15. Bd4 Nc5 16. O-O (16. Qg4 $11) 16... Nxd3 $17 17. cxd3 O-O 18. Ra5 f6 19. Rh5 {[%emt 0:01:30] [#]} a5 $1 20. Rh3 a4 21. Rg3 Qd5 22. Bc3 a3 23. b4 (23. bxa3 $142 Rxa3 24. Bb2) 23... Rac8 24. Ba1 Qf5 {[%emt 0:01:00] White is weak on the light squares} 25. h4 h5 26. Qa2 Ra8 27. Bd4 Rfc8 28. Ba1 Kf7 29. Qf2 Ra6 (29... a2 30. Qd4 Rd8 31. b5 $19) (29... Bd5 $19 {has better winning chances.} 30. Qe2 a2) 30. Qd4 {[%emt 0:00:00] [#]} Bd5 {[%emt 0:01:30] Active counter play!} (30... d6 $1 $17 {Threatens to win with ...Rc2.} 31. b5 Raa8 (31... Qxb5 32. Rxg7+ Ke8 33. Qxf6 Qb6+ 34. Kh2)) 31. Rg5 $15 fxg5 ({Black should try} 31... Qh7 $1 $15 32. f5 Rf8 (32... fxg5 33. fxe6+ Ke7 34. exd7 $11) 33. fxe6+ Bxe6 (33... dxe6 34. b5 $11)) 32. Qxg7+ $14 (32. fxg5 $2 Qxf1+ 33. Kxf1 Rc1+ 34. Kf2 Rxa1 35. Qxa1 a2 $19) 32... Ke8 33. Bf6 $2 {[%emt 0:00:00] [#]} ({White has to play} 33. fxg5 $16 {Intending Bf6 and mate.} Qxf1+ (33... Qxd3 34. Qf8#) 34. Kxf1 Rc1+ 35. Kf2 Rxa1 36. Qxa1) 33... Qxf6 $1 $15 34. Qxf6 Rc2 $40 {[%emt 0:01:00][%mdl 128] Black is out for blood. Dancing on a razor blade.} 35. Qg6+ (35. fxg5 $2 Rxg2+ 36. Kh1 Rf2+ (36... Rxg5+ $2 37. Kh2 $18) 37. Kg1 Rxf6 $19) 35... Kd8 36. Qxg5+ (36. Qf6+ $142 Kc7 37. Ra1) 36... Kc8 37. Qg8+ (37. Qxh5 $2 {is the wrong capture.} Rxg2+ 38. Kh1 Rg5+ $19) (37. f5 Rxg2+ 38. Qxg2 Bxg2 39. f6) 37... Kb7 $19 {[%emt 0:00:00] Black is clearly winning.} 38. b5 Ra8 (38... Rxg2+ $2 {loses.} 39. Qxg2 Ra5 40. Qg7 $18) 39. Qg7 Rxg2+ {[%emt 0:00:00] Weighted Error Value: White=0.51/Black=0.19 (very precise) .  Missed win:     	---       	Black=1      Mistake:       	White=6     	Black=2      Inaccurate:     	White=3     	Black=1      OK:         	White=7     	Black=11     Best:        	White=2     	Black=5      Brilliant:      	---       	Black=1} 0-1

[Event "Bangabandhu Premier Div League 2023-24"]
[Site "Dhaka"]
[Date "2024.02.11"]
[Round "11.1"]
[White "Shawket Bin, Osman Shaon"]
[Black "Swarnavo Choudhury"]
[Result "1-0"]
[ECO "D89"]
[WhiteElo "2030"]
[BlackElo "2056"]
[Annotator "NA RC"]
[PlyCount "113"]
[EventDate "2024.02.01"]
[EventCountry "BAN"]
[SourceTitle "playchess.com"]
[Source "ChessBase"]
[SourceQuality "1"]
[TimeControl "40/5400+30:1800+30"]

1. d4 Nf6 2. c4 g6 3. Nc3 d5 4. cxd5 Nxd5 5. e4 Nxc3 6. bxc3 Bg7 7. Bc4 c5 8. Ne2 O-O 9. O-O Nc6 10. Be3 cxd4 11. cxd4 Bg4 12. f3 Na5 13. Bd3 Be6 14. Qa4 a6 15. d5 b5 16. Qb4 Bxa1 17. Rxa1 Bd7 18. Rd1 Nc4 19. Bxc4 bxc4 20. d6 e6 21. Qxc4 Bb5 22. Qc2 Rc8 23. Qb2 Ba4 24. Rd2 Rb8 25. Qa1 f6 26. Nc3 Bc6 27. Qf1 Qd7 28. Qxa6 Rfc8 29. Qd3 Bb5 30. Nxb5 Rxb5 31. a3 Kg7 32. f4 e5 33. h3 Rc1+ 34. Kh2 Rc8 35. fxe5 Rxe5 36. Bf4 Rec5 37. Rb2 g5 38. Bg3 R8c6 39. Rd2 Rc3 40. Qd5 R3c5 41. Qd4 Rc4 42. Qe3 Rc3 43. Rd3 Rxd3 44. Qxd3 Rc8 45. e5 f5 46. Qd5 Re8 47. Bf2 Re6 48. a4 g4 49. a5 f4 50. hxg4 Rh6+ 51. Kg1 Qa4 52. Qd2 Qa1+ 53. Qe1 Qa4 54. e6 f3 55. Qe5+ Kg6 56. Qf5+ Kg7 57. Qf7+ 1-0

[Event "Bangabandhu Premier Div League 2023-24"]
[Site "Dhaka"]
[Date "2024.02.11"]
[Round "11.2"]
[White "Mayank Chakraborty"]
[Black "Ahmed, Sheikh Nasir"]
[Result "1-0"]
[ECO "E49"]
[WhiteElo "2409"]
[BlackElo "2182"]
[Annotator "TA"]
[PlyCount "47"]
[EventDate "2024.02.01"]
[EventCountry "BAN"]
[SourceTitle "playchess.com"]
[Source "ChessBase"]
[SourceQuality "1"]
[TimeControl "40/5400+30:1800+30"]

1. d4 Nf6 2. c4 e6 3. Nc3 Bb4 4. f3 O-O 5. a3 Bxc3+ 6. bxc3 d5 7. cxd5 exd5 8. e3 c5 9. Bd3 b6 10. Ne2 Bb7 11. O-O Re8 12. Ra2 Nbd7 13. Ng3 Nf8 14. Re2 {[%emt 0:04:00] White is slightly better.} a5 15. Kh1 {[%emt 0:00:00] White is more active.} Ba6 ({Better is} 15... Ne6 $14) 16. Bxa6 $18 Rxa6 17. e4 dxe4 18. fxe4 {Threatens to win with Bg5.} cxd4 19. cxd4 {And now Bg5 would win.} b5 20. Ref2 (20. Qd3 $18) 20... Rd6 {[#] A mistake that costs the game.} (20... Nxe4 $16 21. Nxe4 (21. Rxf7 Nf6 $14) 21... Rxe4) 21. Bg5 $1 Rxd4 {[#]} 22. Qa1 Re6 (22... Rexe4 {was necessary.} 23. Nxe4 (23. Bxf6 gxf6 24. Nxe4 Rxe4 $18) 23... Rxe4 24. Bxf6 gxf6 25. Rxf6 (25. Qxf6 Qxf6 26. Rxf6 Re7 $18) 25... Re7) 23. Nf5 Rdd6 24. e5 {Weighted Error Value: White=0.07 (flawless) /Black=0.55.  Mistake:       	White=1     	Black=3      Inaccurate:     	---       	Black=1      OK:         	White=7     	Black=3      Strong:       	White=1     	---} 1-0

[Event "Bangabandhu Premier Div League 2023-24"]
[Site "Dhaka"]
[Date "2024.02.11"]
[Round "11.2"]
[White "Sanket Chakravarty"]
[Black "Kushagra Mohan"]
[Result "1/2-1/2"]
[ECO "D32"]
[WhiteElo "2361"]
[BlackElo "2374"]
[Annotator "TA"]
[PlyCount "34"]
[EventDate "2024.02.01"]
[EventCountry "BAN"]
[SourceTitle "playchess.com"]
[Source "ChessBase"]
[SourceQuality "1"]
[TimeControl "40/5400+30:1800+30"]

1. c4 Nf6 2. Nf3 c5 3. Nc3 Nc6 4. e3 e6 5. d4 d5 6. cxd5 exd5 7. Bb5 a6 8. Bxc6+ bxc6 9. dxc5 Bxc5 10. O-O O-O 11. b3 Bd6 12. Bb2 c5 13. Rc1 {[%emt 0:06:54][%cal Ob2a3] The position is equal.} Bb7 14. Na4 Ne4 15. Nc3 (15. Be5 $11) 15... Nf6 16. Na4 Ne4 17. Nc3 ({Better is} 17. Be5 $11) 17... Nf6 {[%emt 0:00:00] Not much happened in this game.   Weighted Error Value: White=0.21 (precise) /Black=0.16 (very precise) .  Mistake:       	White=2     	Black=1      Inaccurate:     	---       	Black=2      OK:         	White=4     	Black=1} (17... Nxc3 $15 18. Rxc3 a5) 1/2-1/2

[Event "Bangabandhu Premier Div League 2023-24"]
[Site "Dhaka"]
[Date "2024.02.11"]
[Round "11.3"]
[White "Sajidul, Haque"]
[Black "Arpan Das"]
[Result "0-1"]
[ECO "D02"]
[WhiteElo "1922"]
[BlackElo "2367"]
[Annotator "TA"]
[PlyCount "66"]
[EventDate "2024.02.01"]
[EventCountry "BAN"]
[SourceTitle "playchess.com"]
[Source "ChessBase"]
[SourceQuality "1"]
[TimeControl "40/5400+30:1800+30"]

1. d4 d5 2. Bf4 e6 3. Nf3 Nf6 4. e3 c5 5. Nbd2 Nc6 6. c3 cxd4 7. exd4 Nh5 8. Be3 Bd6 {[%emt 0:00:30] [#]} 9. Ne5 $1 {[%emt 0:04:24] The position is equal.} g6 10. Ndf3 f6 11. Nxc6 bxc6 12. Bh6 Qc7 13. Be2 Ng7 14. c4 Nf5 15. Bd2 O-O 16. Qc1 (16. Bc3 $11) 16... Qe7 $17 {[%emt 0:19:55] Black is more active.} 17. g4 (17. cxd5 $17 cxd5 18. g4) 17... Ng7 $19 18. c5 Bc7 19. g5 e5 {[%emt 0:05:28] And now ...exd4 would win.} 20. gxf6 Qxf6 21. dxe5 Bxe5 22. Nxe5 Qxe5 23. Qc3 {[%emt 0:02:53] White is weak on the light squares} d4 $40 {[%emt 0:04:09][%mdl 128] Black is out for blood.} 24. Qg3 Qxc5 (24... Qe4 $19 25. f3 Qc2) 25. Qb3+ {[%emt 0:04:57] White does not recover from this.} (25. O-O $17 {keeps fighting.}) 25... Be6 26. Bb4 $2 (26. Qd3 {was worth a try.}) 26... Qf5 27. Qg3 c5 28. Ba3 Bd5 (28... Nh5 $142 29. Bd3 Nxg3 30. Bxf5 Nxf5 (30... Nxh1 31. Bxe6+ Kg7 32. Bxc5 $19) 31. Bxc5 Rfe8) 29. Rf1 (29. O-O-O $142 Bxh1 (29... Bxa2 $2 30. Bd3 $19) 30. Rxh1) 29... Rae8 30. Kd2 {[%emt 0:01:35] [#]} Rxe2+ $1 {[%emt 0:00:18][%mdl 512] Black mates.} 31. Kxe2 Qc2+ 32. Ke1 Re8+ 33. Qe3 dxe3 {[%emt 0:00:04] Weighted Error Value: White=1.06/Black=0.43.  Mistake:       	White=4     	Black=1      Inaccurate:     	White=4     	Black=2      OK:         	White=4     	Black=9      Best:        	White=2     	Black=3} 0-1

[Event "Bangabandhu Premier Div League 2023-24"]
[Site "Dhaka"]
[Date "2024.02.11"]
[Round "11.4"]
[White "Uddin, Saif"]
[Black "Manon, Reja Neer"]
[Result "0-1"]
[ECO "A48"]
[WhiteElo "1938"]
[BlackElo "2169"]
[Annotator "NA RC"]
[PlyCount "40"]
[EventDate "2024.02.01"]
[EventCountry "BAN"]
[SourceTitle "playchess.com"]
[Source "ChessBase"]
[SourceQuality "1"]
[TimeControl "40/5400+30:1800+30"]

1. Nf3 Nf6 2. b3 g6 3. Bb2 Bg7 4. e3 d6 5. d4 O-O 6. Be2 e5 7. dxe5 Nfd7 8. Nbd2 dxe5 9. e4 Qe7 10. O-O Rd8 11. Qe1 Nc6 12. a4 Nf8 13. Nc4 Ne6 14. Ne3 Nf4 15. Bc4 Be6 16. Bxe6 Qxe6 17. g3 Nd4 18. Nd2 Qh3 19. gxf4 exf4 20. Nec4 f3 0-1

[Event "Bangabandhu Premier Div League 2023-24"]
[Site "Dhaka"]
[Date "2024.02.11"]
[Round "11.4"]
[White "Avik, Sarker"]
[Black "Suvradeepta, Das"]
[Result "1/2-1/2"]
[ECO "A45"]
[WhiteElo "1914"]
[BlackElo "2141"]
[Annotator "NA RC"]
[PlyCount "87"]
[EventDate "2024.02.01"]
[EventCountry "BAN"]
[SourceTitle "playchess.com"]
[Source "ChessBase"]
[SourceQuality "1"]
[TimeControl "40/5400+30:1800+30"]

1. d4 Nf6 2. Bf4 c5 3. e3 Qb6 4. Nc3 cxd4 5. Qxd4 Qa5 6. b4 Qb6 7. Qxb6 axb6 8. Bxb8 Rxb8 9. Na4 Nd5 10. a3 Kd8 11. e4 Nf6 12. e5 Nd5 13. c4 Ra8 14. cxd5 Rxa4 15. Bb5 Ra8 16. Nf3 f6 17. O-O g6 18. e6 Bh6 19. Rfe1 Bf4 20. a4 Bd6 21. Rab1 dxe6 22. dxe6 Kc7 23. Rbc1+ Kb8 24. Rc4 Rd8 25. g3 Bc7 26. Kg2 Bd6 27. Rh4 Rg8 28. Rd4 Bc7 29. Rc4 Bd6 30. Nd2 g5 31. Kf1 g4 32. f4 gxf3 33. Nxf3 h5 34. Rd4 Bc7 35. Rh4 Rg4 36. Rxh5 Rxb4 37. Rh8 Bd6 38. Bd7 Kc7 39. Rc1+ Bc5 40. a5 Bxd7 41. Rxa8 Bxe6 42. axb6+ Kxb6 43. Nd2 Kc6 44. h4 1/2-1/2